 Dungeon Crawl Stone Soup version 0.21.0 (webtiles) character file.

10276 Clarigatio the Thrower (level 11, -5/84 HPs)
             Began as a Spriggan Assassin on Apr 2, 2018.
             Was a Priest of Dithmenos.
             Slain by a manticore (6 damage)
             ... on level 11 of the Dungeon on Apr 3, 2018.
             The game lasted 02:40:12 (11060 turns).

Clarigatio the Thrower (Spriggan Assassin)         Turns: 11060, Time: 02:40:16

Health: -5/84      AC: 32    Str: 12    XL:     11   Next: 34%
Magic:  12/15      EV:  4    Int: 17    God:    Dithmenos [***...]
Gold:   612        SH:  0    Dex: 22    Spells: 7/15 levels left

rFire    . . .     SeeInvis +   n - +1 short sword (protect)
rCold    . . .     Gourm    .   (shield restricted)
rNeg     + + +     Faith    .   (armour currently unavailable)
rPois    +         Spirit   .   (helmet currently unavailable)
rElec    .         Reflect  .   (cloak currently unavailable)
rCorr    .         Harm     .   (gloves unavailable)
MR       +....     NoTele   +   (boots unavailable)
Stlth    +++++++...             (no amulet)
HPRegen  0.24/turn              (no ring)
MPRegen  0.14/turn              (no ring)

@: mighty, brilliant, tree-form, barbed spikes, protection aura, very slightly
contaminated, wreathed by umbra
A: very small, unfitting armour, see invisible, herbivore, slow metabolism 2
a: Shadow Step, Renounce Religion


You were on level 11 of the Dungeon.
You worshipped Dithmenos.
Dithmenos was most pleased with you.
You were not hungry.
You were a tree.
You visited 1 branch of the dungeon, and saw 11 of its levels.

You collected 612 gold pieces.

Inventory:

Hand Weapons
 a - a +2 dagger
 b - a +0 blowgun
 n - a +1 short sword of protection (weapon)
 u - a +2 falchion of protection
 D - a +2 flail of crushing
 H - a +0 antimagic hand axe
 J - a +2 hand axe of chopping
 P - a +3 hunting sling
Missiles
 e - 26 poisoned needles
 f - a curare-tipped needle
 h - 54 stones (quivered)
 R - 16 sling bullets
Armour
 c - a +0 robe
 d - a +0 cloak (melded)
 M - a +0 buckler
 O - a +0 troll leather armour (melded)
Magical Staves
 Q - an uncursed staff of wizardry
Jewellery
 K - an uncursed amulet of the gourmand
Wands
 p - a wand of paralysis (16)
 q - a wand of enslavement (31)
 t - a wand of acid (4)
 x - a wand of disintegration (15)
Scrolls
 o - 2 scrolls of remove curse
 s - 4 scrolls of identify
 w - a scroll of amnesia {unknown}
 y - a scroll of silence {unknown}
 z - a scroll of noise {unknown}
 A - 2 scrolls of blinking {unknown}
 B - 5 scrolls of teleportation
 C - a scroll of enchant armour {unknown}
 I - 4 scrolls of enchant weapon {unknown}
 L - a scroll of summoning {unknown}
 N - a scroll of immolation {unknown}
Potions
 i - a potion of magic
 j - a potion of mutation {unknown}
 k - 2 potions of curing
 m - 2 potions of lignification
 r - a potion of berserk rage
 v - a potion of degeneration {unknown}
 F - a potion of brilliance
 G - a potion of resistance {unknown}
 S - a potion of agility
Books
 E - a book of Misfortune

   Spells                             Type                      Level
   a - Confusing Touch                Hexes                        1
   b - Confuse                        Hexes                        3
   c - Gell's Gravitas                Translocation                3
   d - Petrify                        Transmutation/Earth          4
   e - Metabolic Englaciation         Hexes/Ice                    5
   f - Yara's Violent Unravelling     Hexes/Transmutation          5
 T - a book of Frost

   Spells                             Type                      Level
   a - Freeze                         Ice                          1
   b - Throw Frost                    Conjuration/Ice              2
   c - Ozocubu's Armour               Charms/Ice                   3
   d - Throw Icicle                   Conjuration/Ice              4
   e - Summon Ice Beast               Ice/Summoning                4
Comestibles
 g - 11 rations


   Skills:
 + Level 6.1 Fighting
 + Level 9.1 Short Blades
 + Level 4.9(9.9) Slings
 + Level 11.2(11.5) Throwing
 + Level 1.3 Armour
 + Level 6.2 Dodging
 + Level 9.7 Stealth
 + Level 0.6 Shields
 + Level 2.5 Spellcasting
 + Level 3.6 Hexes
 + Level 0.2 Invocations
 + Level 0.1 Evocations


You had 7 spell levels left.
You knew the following spells:

 Your Spells              Type           Power        Failure   Level  Hunger
a - Confuse               Hex            ###.....     1%          3    ###....
b - Throw Frost           Conj/Ice       ##....       3%          2    ##.....
c - Gell's Gravitas       Tloc           ##........   7%          3    ###....


Dungeon Overview and Level Annotations

Branches:
Dungeon (11/15)            Temple (0/1) D:6            Lair (0/6) D:10
    Orc (0/2) D:11

Altars:
Ashenzari
Dithmenos
Fedhas
Nemelex Xobeh
Trog
Vehumet
Wu Jian
Yredelemnul

Annotations:
D:8 Kave's ghost, novice TrTm


Innate Abilities, Weirdness & Mutations

You are very small and have problems with some larger weapons.
You are too small for most types of armour.
You have supernaturally acute eyesight. (SInv)
You are a herbivore.
((You cover ground extremely quickly.))
You need consume almost no food.


Message History

The manticore is severely wounded.
The manticore bites you!
* * * LOW HITPOINT WARNING * * *
The manticore closely misses you. The manticore misses you.
You turn into a tree.
Your +0 cloak melds into your body.
Your +0 troll leather armour melds into your body.
Your roots penetrate the ground.
The manticore bites you but does no damage.
The manticore claws you but does no damage. x2
It was a potion of might.
You feel very mighty all of a sudden.
The manticore bites you but does no damage.
The manticore claws you but does no damage. x2
It was a potion of brilliance.
You feel clever all of a sudden.
The manticore bites you but does no damage.
The manticore claws you.
* * * LOW HITPOINT WARNING * * *
The manticore claws you.
You die...

#.#......#....##########
#.#......#..............
#.#......#..............
#.#......'..............
#.#......#.########'####
#.#......#.#............
#.#......#.#............
#.##.....#.#..........†.
#..#...♣##.#............
#..#...H#..#............
.#####+#..#...(#..#............
..........#....#..#............
#####+#...#....#..####...#####.
#...+....#.....#...#...#.
#.(.######.....#...'...#.
#.............)#...#...#.
#(.............'...#####.


You could see a manticore.

Vanquished Creatures
  Harold (D:10)
  3 two-headed ogres (D:9)
  An unseen horror (D:11)
  Pikel (D:6)
  A deep elf mage (D:11)
  2 trolls
  2 hippogriffs (D:7)
  A wyvern (D:11)
  Sigmund (D:4)
  A yak (D:10)
  A wraith (D:10)
  4 wargs (D:11)
  5 porcupines (D:10)
  2 water moccasins
  2 ice beasts
  5 sky beasts
  A hornet zombie (D:7)
  An orc warrior (D:11)
  2 necrophages
  3 centaurs
  4 ogres
  A crocodile (D:9)
  Blork the orc (D:6)
  7 bullfrogs
  A gnoll sergeant (D:8)
  2 scorpions
  2 howler monkeys (D:8)
  4 crimson imps
  4 bullfrog zombies
  4 jellies
  2 orc priests
  2 hounds
  6 orc wizards
  3 centaur skeletons
  4 iguanas
  6 worker ants
  A hound skeleton (D:4)
  A howler monkey zombie (D:8)
  A worker ant zombie (D:11)
  18 gnolls
  10 adders
  A shadow imp (D:11)
  An ooze (D:1)
  2 worms (D:4)
  2 dart slugs (D:2)
  5 leopard geckos
  31 orcs
  2 bats (D:3)
  2 giant cockroaches (D:2)
  2 goblins (D:2)
  4 jackals (D:4)
  3 kobolds (D:2)
  4 quokkas
  4 frilled lizards
  A leopard gecko skeleton (D:4)
  A quokka skeleton (D:9)
  4 rats
193 creatures vanquished.

Vanquished Creatures (others)
  A slave (D:6)
  9 fungi (D:10)
  2 plants (D:10)
12 creatures vanquished.

Grand Total: 205 creatures vanquished

Notes
Turn   | Place    | Note
-------+----------+-------------------------------------------
     0 | D:1      | Clarigatio the Spriggan Assassin began the quest for the Orb.
     0 | D:1      | Reached XP level 1. HP: 10/10 MP: 2/2
    78 | D:1      | You fall through a shaft!
   117 | D:2      | Reached XP level 2. HP: 14/14 MP: 3/3
   281 | D:2      | Reached XP level 3. HP: 18/18 MP: 4/4
   766 | D:2      | Reached skill level 3 in Throwing
   861 | D:2      | Reached XP level 4. HP: 12/22 MP: 5/5
  1449 | D:3      | Reached XP level 5. HP: 8/26 MP: 6/6
  1572 | D:3      | Found a blossoming altar of Fedhas.
  1585 | D:3      | Reached skill level 4 in Throwing
  1849 | D:4      | Found a transporter.
  2233 | D:4      | Found a transporter.
  2512 | D:4      | Noticed Sigmund
  2534 | D:4      | Found a shadowy altar of Dithmenos.
  2539 | D:4      | Became a worshipper of Dithmenos the Shadowed
  2540 | D:4      | Reached skill level 5 in Throwing
  2540 | D:4      | Reached XP level 6. HP: 20/30 MP: 7/7
  2949 | D:4      | Killed Sigmund
  3297 | D:5      | Entered Level 5 of the Dungeon
  3355 | D:5      | Reached XP level 7. HP: 33/35 MP: 8/8
  3570 | D:5      | Reached skill level 6 in Throwing
  3673 | D:5      | Reached * piety under Dithmenos
  4322 | D:6      | Noticed Pikel
  4439 | D:6      | Killed Pikel
  4439 | D:6      | Reached skill level 5 in Short Blades
  4439 | D:6      | Reached skill level 7 in Throwing
  4439 | D:6      | Reached XP level 8. HP: 27/40 MP: 9/9
  4502 | D:6      | Reached skill level 8 in Throwing
  4769 | D:6      | Learned a level 3 spell: Confuse
  4796 | D:6      | Noticed Blork the orc
  4832 | D:6      | Killed Blork the orc
  4926 | D:6      | Found a staircase to the Ecumenical Temple.
  5138 | D:7      | Got a warped flail
  5296 | D:7      | Found a shattered altar of Ashenzari.
  5366 | D:7      | Found a radiant altar of Vehumet.
  5367 | D:7      | Found a bloodstained altar of Trog.
  5578 | D:7      | Found a basalt altar of Yredelemnul.
  5629 | D:7      | Reached skill level 9 in Throwing
  5634 | D:7      | Reached ** piety under Dithmenos
  5836 | D:7      | Noticed a hippogriff
  5868 | D:7      | Noticed a hippogriff
  5957 | D:7      | Killed a hippogriff
  5957 | D:7      | Reached XP level 9. HP: 13/45 MP: 3/11
  6175 | D:7      | Reached skill level 1 in Hexes
  6577 | D:8      | Reached skill level 1 in Spellcasting
  6760 | D:8      | Reached skill level 10 in Throwing
  6825 | D:8      | Noticed Kave's ghost (novice TrTm)
  7884 | D:9      | Found a sparkling altar of Nemelex Xobeh.
  7956 | D:9      | Noticed a troll
  7960 | D:9      | Noticed a two-headed ogre
  7966 | D:9      | Killed a troll
  7996 | D:9      | Killed a two-headed ogre
  7996 | D:9      | Reached skill level 5 in Fighting
  7996 | D:9      | Reached XP level 10. HP: 39/51 MP: 11/13
  8037 | D:9      | Noticed a two-headed ogre
  8048 | D:9      | Killed a two-headed ogre
  8048 | D:9      | Reached skill level 11 in Throwing
  8405 | D:9      | Noticed a two-headed ogre
  8413 | D:9      | Killed a two-headed ogre
  8413 | D:9      | Reached skill level 5 in Dodging
  8610 | D:9      | Reached skill level 1 in Slings
  8615 | D:9      | Found an ornate altar of the Wu Jian Council.
  8693 | D:10     | Entered Level 10 of the Dungeon
  8759 | D:10     | Reached skill level 1 in Armour
  8819 | D:10     | Found a staircase to the Lair.
  8948 | D:10     | Reached *** piety under Dithmenos
  9048 | D:10     | Noticed Harold
  9127 | D:10     | Killed Harold
  9317 | D:10     | Noticed a gargoyle
  9658 | D:10     | Reached XP level 11. HP: 55/55 MP: 15/15
 10076 | D:11     | Found a staircase to the Orcish Mines.
 10720 | D:11     | Noticed an unseen horror
 10752 | D:11     | Killed an unseen horror
 10833 | D:11     | Learned a level 2 spell: Throw Frost
 10837 | D:11     | Learned a level 3 spell: Gell's Gravitas
 10899 | D:11     | Noticed a deep elf mage
 10907 | D:11     | Killed a deep elf mage
 11060 | D:11     | HP: 1/84 [manticore (6)]
 11060 | D:11     | Slain by a manticore

Skill      XL: |  1  2  3  4  5  6  7  8  9 10 11 |
---------------+----------------------------------+-----
Stealth        | 6 7 8 9 |  9.7
Throwing       | 3 5 7 9 10 11 | 11.2
Short Blades   | 3 4 5 6 8 9 |  9.1
Fighting       | 2 3 4 5 6 |  6.1
Dodging        | 2 3 4 5 6 |  6.2
Hexes          | 2 3 |  3.6
Spellcasting   | 1 2 |  2.5
Slings         | 3 4 |  4.9
Armour         | 1 |  1.3
Shields        | |  0.6
Invocations    | |  0.2
Evocations     | |  0.1

Action                   |  1- 3 |  4- 6 |  7- 9 | 10-12 || total
-------------------------+-------+-------+-------+-------++-------
Melee: Dagger            |    37 |    20 |     4 |       ||    61
       Short sword       |    26 |    99 |   178 |   348 ||   651
       Spear             |       |     7 |       |       ||     7
 Fire: Blowgun           |    29 |   140 |   271 |    68 ||   508
       Hunting sling     |       |       |       |   103 ||   103
Throw: Stone             |    18 |    78 |   107 |       ||   203
 Cast: Confuse           |       |       |     2 |     6 ||     8
       Throw Frost       |       |       |       |     1 ||     1
Invok: Shadow Step       |       |       |     1 |       ||     1
Evoke: Wand              |       |       |       |     1 ||     1
  Use: Potion            |     1 |     1 |       |     6 ||     8
       Scroll            |       |     1 |     5 |     1 ||     7
 Stab: Sleeping          |     1 |     1 |     3 |    17 ||    22
  Eat: Ration            |       |       |     3 |     2 ||     5
Armor: Robe              |    13 |    24 |    24 |       ||    61
       Troll leather arm |       |       |       |    37 ||    37
       Skin              |       |       |       |    27 ||    27
Dodge: Dodged            |    43 |    95 |   131 |   276 ||   545
Block: Buckler           |       |       |     7 |    15 ||    22
